 Dungeon Crawl Stone Soup version 0.31.0-11-ge490571c62 (webtiles) character file.

Game seed: 17159763715522584705

464 zazaan the Trooper (level 7, -2/44 HPs)
             Began as a Gargoyle Fighter on Jan 28, 2024.
             Slain by a gnoll
             ... wielding a +0 flail
             ... led by a gnoll bouda
              (4 damage)
             ... on level 4 of the Dungeon.
             The game lasted 00:08:33 (3159 turns).

zazaan the Trooper (Gargoyle Fighter)               Turns: 3159, Time: 00:08:34

Health: -2/44      AC: 20    Str: 20    XL:     7   Next: 7%
Magic:  7/7        EV:  5    Int:  8    God:
Gold:   188        SH:  5    Dex: 11    Spells: 6/6 levels left

rFire   . . .        a - +0 war axe (heavy)
rCold   . . .        c - +0 buckler
rNeg    + . .        e - +0 plate armour
rPois   ∞            h - +2 helmet
rElec   +            (no cloak)
rCorr   .            (no gloves)
SInv    .            (no boots)
Will    .....        g - amulet of faith Stlth
                     (no ring)
HPRegen 0.27/turn    (no ring)
MPRegen 0.10/turn

%: faith
@: weakened
A: sickness immunity, AC +4, negative energy resistance 1, electricity
resistance, torment resistance 1, petrification resistance
a: no special abilities


You were on level 4 of the Dungeon.
You visited 1 branch of the dungeon, and saw 4 of its levels.

You collected 188 gold pieces.

Inventory:

Hand Weapons
 a - a +0 heavy war axe (weapon)
Missiles
 r - 2 poisoned darts (quivered)
Armour
 c - a +0 buckler (worn)
 e - a +0 plate armour (worn)
 h - a +2 helmet (worn)
Magical Staves
 m - a staff of conjuration
Jewellery
 g - an amulet of faith (around neck)
 l - a ring of flight
Wands
 b - a wand of charming (6)
 i - a wand of polymorph (9)
Scrolls
 k - a scroll of acquirement {unknown}
 n - a scroll of fog
 p - a scroll of revelation {unknown}
 s - a scroll of brand weapon
 t - a scroll of summoning {unknown}
Potions
 d - 3 potions of might
 f - 3 potions of mutation {unknown}
 j - a potion of heal wounds {unknown}
 o - 2 potions of enlightenment {unknown}
 q - a potion of brilliance {unknown}


   Skills:
 + Level 5.1 Fighting
 + Level 3.6 Axes
 + Level 5.0 Armour
 + Level 5.0 Shields


You had 6 spell levels left.
You didn't know any spells.
Your spell library contained the following spells:

 Spells                   Type           Power      Damage    Failure   Level
 Jinxbite                 Hex            0%         N/A       100%        2
 Yara's Violent Unravell  Hex/Alch       0%         3d3       100%        5
 Enfeeble                 Hex            0%         N/A       100%        7


Dungeon Overview and Level Annotations

Branches:
Dungeon (4/15)
 Temple: D:4-7

Altars:

Shops:
D:1 =*   D:2 *   D:3 (*(?*   D:4 ?

Annotations:
D:3 2 transporters


Innate Abilities, Weirdness & Mutations

You are immune to sickness and miasma.
Your stone body is resilient. (AC +4)
You are immune to poison.
You resist negative energy. (rN+)
You are resistant to electric shocks. (rElec)
You are resistant to unholy torment.
You are immune to petrification.


Message History

Press: ? - help, Dir - move target, f/p - gnoll bouda
Aim: a gnoll bouda, wielding a +0 whip and wearing a +0 leather armour (moderately wounded, about 40% to evade your +0 heavy war axe)
You hit the gnoll bouda but do no damage.
The gnoll bouda is moderately wounded.
The gnoll bouda hits you with a +0 whip.
The gnoll hits you but does no damage.
The gnoll bouda hits you with a +0 whip.
The gnoll hits you from afar with a +0 spear!
* * * LOW HITPOINT WARNING * * *
The gnoll bouda gazes fiercely through you!
You feel as though you will be weak longer.
The gnoll attacks as it pursues you! The gnoll hits you but does no damage.
Cleave: a) +0 war axe (heavy)
Press: ? - help, Dir - move target, f/p - gnoll bouda
Aim: a gnoll bouda, wielding a +0 whip and wearing a +0 leather armour (moderately wounded, about 40% to evade your +0 heavy war axe)
You hit the gnoll bouda but do no damage.
The gnoll bouda is moderately wounded.
The gnoll barely misses you. The gnoll hits you with a +0 flail.
* * * LOW HITPOINT WARNING * * *
The gnoll hits you from afar with a +0 spear.
* * * LOW HITPOINT WARNING * * *
The gnoll bouda gazes fiercely through you!
You feel as though you will be weak longer.
The gnoll bouda hits you with a +0 whip!
* * * LOW HITPOINT WARNING * * *
The gnoll hits you but does no damage.
Cleave: a) +0 war axe (heavy)
Press: ? - help, Dir - move target, f/p - gnoll bouda
Aim: a gnoll bouda, wielding a +0 whip and wearing a +0 leather armour (moderately wounded, about 40% to evade your +0 heavy war axe)
You hit the gnoll bouda.
The gnoll bouda is severely wounded.
You hit the gnoll. x2; The gnoll is no longer moving quickly.
The gnoll hits you but does no damage. x2
The gnoll bouda calls upon its god to heal the gnoll.
The gnoll's wounds heal themselves!
The gnoll hits you but does no damage. The gnoll barely misses you. x2
The gnoll bouda barks out a call to the hunt!
The gnoll picks up the pace!
The gnoll hits you but does no damage. The gnoll hits you with a +0 flail.
You die...

...g.. ## ....... . ##
#........#...... ..
##.##..........##.gg ..#
#...#..........#...# ..#
............#..#...##..##.
..........##.####(.......##
##......###.##g...##......
#.......#.#.#@gg### ......
#............g######.....#
###........##...# #... ...# ###
##.).......###...####..# ..##...
...##.....># #........(####.....#
#.###......# ##.....##..##......#
...#.......####..[...#...#)......
.####...##..##.....####...)).....
.#.##...##.........#.....#)......


You could see a gnoll bouda and 3 gnolls.

Vanquished Creatures
  A phantom (D:4)
  3 orc priests (D:4)
  Natasha (thrice) (D:2)
  Robin (D:2)
  2 gnolls (D:4)
  8 adders
  2 dart slugs (D:3)
  2 ribbon worms
  15 orcs
  10 ball pythons
  6 bats
  7 endoplasms
  4 giant cockroaches
  7 hobgoblins
  4 quokkas
  2 frilled lizards (D:1)
  16 goblins
  7 kobolds
  5 rats
105 creatures vanquished.

Notes
Turn   | Place    | Note
-------+----------+-------------------------------------------
     0 | D:1      | zazaan the Gargoyle Fighter began the quest for the Orb.
     0 | D:1      | Reached XP level 1. HP: 14/14 MP: 1/1
    72 | D:1      | Reached XP level 2. HP: 19/19 MP: 2/2
   148 | D:1      | Found Liurphol's One-of-a-Kind Rings.
   265 | D:1      | Found Fosud's Assorted Antiques.
   554 | D:1      | Reached XP level 3. HP: 23/23 MP: 3/3
   874 | D:2      | Noticed Robin
   888 | D:2      | Killed Robin
   889 | D:2      | Reached XP level 4. HP: 12/29 MP: 4/4
  1199 | D:2      | Noticed Natasha
  1203 | D:2      | Killed Natasha
  1204 | D:2      | Reached XP level 5. HP: 33/33 MP: 5/5
  1321 | D:2      | Found Nuquc's Assorted Antiques.
  1431 | D:2      | Noticed Natasha
  1437 | D:2      | Killed Natasha
  1515 | D:2      | Noticed Natasha
  1524 | D:2      | Killed Natasha
  1587 | D:3      | Found Degeynud's Antique Weapon Emporium.
  1733 | D:3      | Found a transporter.
  1755 | D:3      | Found a transporter.
  1917 | D:3      | Found Duott's Assorted Antiques.
  1933 | D:3      | Found Zoleoso's Weapon Shop.
  1994 | D:3      | Found Vaschiux's Magic Scroll Emporium.
  2117 | D:3      | Reached XP level 6. HP: 34/39 MP: 6/6
  2437 | D:3      | Found Tebluq's General Store.
  2715 | D:4      | Found Fyeteehe's Magic Scroll Shoppe.
  2895 | D:4      | Reached skill level 5 in Fighting
  2898 | D:4      | Reached skill level 5 in Shields
  2900 | D:4      | Reached skill level 5 in Armour
  2900 | D:4      | Reached XP level 7. HP: 27/44 MP: 7/7
  3158 | D:4      | HP: 1/44 [gnoll bouda/+0 whip (7)]
  3159 | D:4      | Slain by a gnoll

Illustrated notes

Levels and vault maps discovered:
D:1:      dpeg_arrival_windows_large_door, layout_basic, serial_shops, shop,
          nicolae_shop_unique_rings
D:2:      layout_basic, serial_shops, shop, kennysheep_generic_room_3,
          uniq_robin, uniq_natasha
D:3:      gammafunk_wand_slinger, layout_basic, serial_shops, shop,
          nicolae_diamond_shop, nicolae_shop_pleasant_corner_grove,
          nicolae_shop_behind_doors, shop, skrybe_limestone_x
D:4:      layout_cave_pools, serial_shops, shop

Skill      XL: |  1  2  3  4  5  6 |
---------------+-------------------+-----
Axes           | 2 3 |  3.6
Fighting       | 4 5 |  5.1
Armour         | 4 5 |  5.0
Shields        | 4 5 |  5.0

Action                     |  1- 3 |  4- 6 |  7- 9 || total
---------------------------+-------+-------+-------++-------
  Melee: War axe           |    83 |   132 |    35 ||   250
         Unarmed           |       |    14 |       ||    14
    Use: Scroll            |     2 |     4 |       ||     6
 Armour: Scale mail        |    13 |       |       ||    13
         Plate armour      |    86 |   131 |    67 ||   284
         Skin              |       |     6 |       ||     6
  Dodge: Dodged            |    27 |    54 |    22 ||   103
  Block: Buckler           |    23 |    41 |    12 ||    76
